AoeStats
← Tomas18078

Black Forest

510045890Analyzed
4v4 RM · 1d ago on Sep 29, 2026· 66m 52s· 8 players
Game mode
Random Map
Map size
Large (8 player)
Population
200
Speed
Normal
Resources
Standard
Victory
Conquest
Starting age
Dark Age
Ending age
Imperial Age
RankedLock teamsTeams togetherTeam positionsShared explorationLock speedFull tech treeHidden civsTurbo modeCheats
Victory
Defeat
🇺🇸 Khmer · United States
857
+11
🇨🇿 Ethiopians · Czechia
847
+11
🇺🇸 Franks · United States
826
+12
🇬🇧 Spanish · United Kingdom
813
+13
🇫🇷 Spanish · France
751
-12
🇨🇳 Goths · China
751
-12
🇺🇸 Mongols · United States
747
-12
🇺🇸 Mongols · United States
715
-11
thongvipusa1
0:38 Loom
13:24 Feudal Age
14:27 Double-Bit Axe
14:24 Horse Collar
15:58 Wheelbarrow
20:34 Gold Mining
20:37 Stone Mining
24:54 Castle Age
26:08 Bow Saw
26:37 Heavy Plow
31:16 Hand Cart
31:11 Padded Archer Armor
31:01 Fletching
35:24 Imperial Age
33:22 Murder Holes
33:38 Masonry
34:48 Gold Shaft Mining
34:48 Stone Shaft Mining
34:18 Caravan
38:05 Chemistry
37:25 Ballistics
37:15 Fortified Wall
36:51 Onager
37:17 Elite Mangudai
38:26 Leather Archer Armor
38:01 Fletching
41:06 Hoardings
40:35 Bodkin Arrow
40:46 Scale Barding Armor
41:37 Coinage
41:25 Bracer
42:34 Siege Onager
45:18 Nomads
45:39 Drill
44:49 Sappers
45:55 Hoardings
45:40 Conscription
felix
12:03 Loom
14:26 Feudal Age
15:57 Wheelbarrow
15:03 Horse Collar
15:10 Double-Bit Axe
15:45 Town Watch
22:39 Castle Age
20:49 Gold Mining
20:50 Stone Mining
23:58 Hand Cart
24:20 Bow Saw
24:31 Heavy Plow
24:34 Town Patrol
30:04 Caravan
32:45 Gold Shaft Mining
32:47 Stone Shaft Mining
33:50 Forging
33:40 Scale Mail Armor
33:41 Padded Archer Armor
33:32 Fletching
40:29 Imperial Age
38:07 Nomads
40:02 Pikeman
40:45 Squires
40:32 Arson
40:46 Elite Mangudai
42:05 Hoardings
41:58 Drill
41:58 Conscription
41:09 Sappers
44:07 Onager
Nostro
zhaozhao
0:59 Loom
12:49 Feudal Age
14:22 Wheelbarrow
13:38 Double-Bit Axe
14:25 Gold Mining
20:19 Horse Collar
23:53 Castle Age
23:21 Man-at-Arms
26:18 Hand Cart
27:35 Forging
27:27 Scale Mail Armor
28:12 Bow Saw
28:10 Heavy Plow
28:12 Long Swordsman
29:32 Iron Casting
29:13 Chain Mail Armor
29:47 Stone Mining
36:37 Imperial Age
34:49 Stone Shaft Mining
35:51 Pikeman
36:35 Squires
36:39 Anarchy
38:34 Masonry
38:21 Murder Holes
38:11 Treadmill Crane
38:40 Perfusion
41:24 Blast Furnace
39:49 Two-Handed Swordsman
41:40 Halberdier
im just gettin lucky
5:48 Loom
11:40 Feudal Age
13:55 Double-Bit Axe
20:57 Castle Age
22:02 Fishing Lines
25:36 Gillnets
29:21 Wheelbarrow
29:45 Bow Saw
31:51 Stone Mining
34:55 Hand Cart
37:28 Imperial Age
37:02 Gold Mining
37:26 Scale Barding Armor
37:32 Forging
40:19 Chain Barding Armor
40:34 Iron Casting
40:25 Conscription
40:05 Chivalry
40:20 Caravan
41:12 Cavalier
41:54 Husbandry
42:07 Paladin
46:28 Plate Barding Armor
46:54 Blast Furnace
60:32 Chemistry
krook
7:06 Loom
11:42 Feudal Age
14:13 Horse Collar
14:20 Double-Bit Axe
17:17 Castle Age
18:35 Bow Saw
21:47 Heavy Plow
26:43 Wheelbarrow
30:04 Hand Cart
29:35 Town Watch
34:29 Imperial Age
34:01 Gold Mining
35:06 Ballistics
35:00 Masonry
35:09 Scale Barding Armor
34:55 Fletching
36:28 Conscription
35:32 Elite Ballista Elephant
36:14 Double Crossbow
36:20 Stone Mining
37:10 Gold Shaft Mining
37:06 Caravan
37:40 Town Patrol
38:46 Chain Barding Armor
38:22 Bodkin Arrow
38:36 Siege Engineers
39:32 Chemistry
39:02 Architecture
39:26 Husbandry
39:36 Bloodlines
Tomas18078
1:11 Loom
14:11 Feudal Age
15:10 Town Watch
17:55 Wheelbarrow
21:31 Castle Age
19:23 Double-Bit Axe
24:54 Stone Mining
25:03 Gold Mining
26:02 Bow Saw
25:45 Horse Collar
27:43 Man-at-Arms
29:32 Heavy Plow
33:08 Hand Cart
33:17 Fletching
33:28 Scale Mail Armor
35:38 Bodkin Arrow
36:45 Chain Mail Armor
36:42 Forging
38:30 Royal Heirs
42:12 Imperial Age
42:18 Masonry
42:29 Ballistics
42:47 Iron Casting
43:28 Plate Mail Armor
48:07 Architecture
48:28 Elite Shotel Warrior
52:16 Town Patrol
52:33 Siege Engineers
53:52 Onager
54:55 Bracer
54:55 Capped Ram
57:29 Two-Man Saw
60:36 Chemistry
63:22 Elite Shotel Warrior
66:06 Conscription
Magical Taylor
12:58 Feudal Age
13:37 Fishing Lines
16:08 Double-Bit Axe
16:22 Horse Collar
21:18 Loom
23:37 Castle Age
21:23 Loom
22:14 Wheelbarrow
24:03 Gold Mining
24:06 Stone Mining
24:48 Heavy Plow
25:02 Bow Saw
24:50 Gillnets
25:40 Bloodlines
25:33 Husbandry
25:39 Padded Archer Armor
25:29 Fletching
26:27 Stone Shaft Mining
29:01 Hand Cart
28:33 Town Watch
29:30 Caravan
30:36 Leather Archer Armor
30:16 Bodkin Arrow
31:15 Town Patrol
35:45 Imperial Age
38:01 Two-Man Saw
37:36 Ballistics
38:16 Chemistry
37:57 Conscription
38:23 Onager
43:19 Elite Conquistador
Connection lost

Rejoining the realm…

Still unreachable

The connection could not be restored.

Session expired

The server has moved on; the page needs a fresh start.